 Dungeon Crawl Stone Soup version 0.31.0-11-ge490571c62 (webtiles) character file.

Game seed: 3036755927717334259

4159 magipi the Arsonist (level 10, -6/50 HPs)
             Began as a Deep Elf Fire Elementalist on Feb 8, 2024.
             Was a Follower of Sif Muna.
             Engulfed by a steam dragon's steam (11 damage)
             ... on level 8 of the Dungeon.
             The game lasted 00:24:58 (8362 turns).

magipi the Arsonist (Deep Elf Fire Elementalist)    Turns: 8362, Time: 00:24:59

Health: -6/50      AC: 14    Str:  8    XL:     10   Next: 7%
Magic:  20/25      EV: 12    Int: 25    God:    Sif Muna [*.....]
Gold:   485        SH:  5    Dex: 15    Spells: 20/27 levels left

rFire   . . .        a - +0 dagger (flame)
rCold   . . .        (no shield)
rNeg    . . .        h - +3 leather armour
rPois   .            (no helmet)
rElec   .            D - +0 cloak
rCorr   .            g - +0 pair of gloves {Str+3}
SInv    .            s - +1 pair of boots
Will    +....        r - amulet of reflection
Stlth   ++           v - +4 ring of protection
HPRegen 0.28/turn    (no ring)
MPRegen 0.19/turn

%: reflection
@: no status effects
A: no striking features
a: Renounce Religion, Channel Magic


You were on level 8 of the Dungeon.
You worshipped Sif Muna.
Sif Muna was aware of your devotion.
You visited 2 branches of the dungeon, and saw 9 of its levels.

You collected 485 gold pieces.

Inventory:

Hand Weapons
 a - a +0 dagger of flaming (weapon)
 o - a +1 hand axe of electrocution
Armour
 g - a +0 pair of gloves of strength (worn)
 h - a +3 leather armour (worn)
 s - a +1 pair of boots (worn)
 z - a +0 robe of cold resistance
 D - a +0 cloak (worn)
Magical Staves
 b - a staff of conjuration
Jewellery
 j - a +6 ring of dexterity
 p - a ring of ice
 r - an amulet of reflection (around neck)
 v - a +4 ring of protection (left hand)
 C - a ring of fire
Talismans
 l - a talisman of death
Wands
 c - a wand of roots (8)
Scrolls
 n - 2 scrolls of enchant armour {unknown}
 x - a scroll of vulnerability {unknown}
 y - 2 scrolls of revelation
 A - 2 scrolls of fog {unknown}
 E - a scroll of poison {unknown}
Potions
 d - 2 potions of might
 e - 2 potions of resistance {unknown}
 f - 2 potions of haste {unknown}
 i - 2 potions of brilliance {unknown}
 k - a potion of cancellation {unknown}
 m - 3 potions of mutation {unknown}
 q - 2 potions of ambrosia {unknown}
 t - 2 potions of degeneration {unknown}
 u - 2 potions of magic
 w - 5 potions of curing {unknown}
 B - a potion of attraction {unknown}
 F - 2 potions of berserk rage


   Skills:
 - Level 2.4 Dodging
 - Level 2.4 Stealth
 + Level 9.0 Spellcasting
 * Level 10.1 Conjurations
 * Level 10.7 Fire Magic


You had 20 spell levels left.
You knew the following spells:

 Your Spells              Type           Power      Damage    Failure   Level
a - Foxfire               Conj/Fire      100%       2x1d9     1%          1
b - Scorch                Fire           100%       2d9       1%          2
F - Flame Wave            Conj/Fire      59%        2d14      1%          4

Your spell library contained the following spells:

 Spells                   Type           Power      Damage    Failure   Level
 Inner Flame              Hex/Fire       38%        N/A       2%          3
 Volatile Blastmotes      Fire/Tloc      76%        2d16      2%          3
 Apportation              Tloc           22%        N/A       8%          1
 Jinxbite                 Hex            22%        N/A       12%         2
 Passage of Golubria      Tloc           11%        N/A       61%         4
 Alistair's Intoxication  Alch           7%         N/A       91%         5
 Borgnjor's Vile Clutch   Necr/Erth      5%         N/A       91%         5
 Silence                  Hex/Air        5%         N/A       91%         5
 Eringya's Noxious Bog    Alch           5%         4d6       100%        6
 Lehudib's Crystal Spear  Conj/Erth      18%        10d5      100%        8


Dungeon Overview and Level Annotations

Branches:
Dungeon (8/15)             Temple (1/1) D:5
   Lair: D:8-11

Altars:
Ashenzari
Cheibriados
Dithmenos
Fedhas
Gozag
Hepliaklqana
Makhleb
Nemelex Xobeh
Okawaru
Qazlal
Ru
Sif Muna
Trog
Uskayaw
Wu Jian
Yredelemnul

Shops:
D:2 (


Message History

There is a stone staircase leading down here.
You start resting.
Magic restored.
You start resting.
HP restored.
You climb downwards.
There is a stone staircase leading up here.
The orc shouts!
You hear an angry hiss.
Casting: Flame Wave (dangerous; 1% risk of failure)
Confirm with . or Enter, or press ? or * to list all spells.
Flames lash the orc.
You kill the orc!
Sif Muna accepts your kill.
Unknown command.
Unknown command.
The steam dragon breathes steam at you. The ball of steam hits you!
Things that are here:
a +0 falchion; a +0 heavy orcbow; an orc corpse You are engulfed in a cloud of scalding steam.
The steam dragon bites you! The steam dragon barely misses you.
Casting: Scorch (safe; 1% risk of failure)
Confirm with . or Enter, or press ? or * to list all spells.
Flames lash the steam dragon but do no damage.
You are engulfed in a cloud of scalding steam.
The steam dragon bites you but does no damage.
The steam dragon barely misses you.
Unknown command.
Unknown command.
Casting: Scorch (safe; 1% risk of failure)
Confirm with . or Enter, or press ? or * to list all spells.
Flames lash the steam dragon.
The steam dragon is moderately wounded.
The steam dragon's fire resistance burns away.
The steam dragon breathes steam at you. The ball of steam hits you!
* * * LOW HITPOINT WARNING * * *
Unknown command.
You are engulfed in a cloud of scalding steam.
You die...

#.###.. ##††......... .
..>...###..[..##...# ..
####........##.......##
...#.....##...###.......#.
.)............##..........
.........#....####....†<.§
.........#D##.###.....†...
.......<.#§§..............
##.......@§###............
#.......§.§#.............
........§§§§..............
...##....§§...............
.........#....#...........
. ..#....#....# #.
...###......... ..
#.......... ##..........


You could see a steam dragon (catching breath, combustible).

Vanquished Creatures
  Pikel (D:7)
  Jeremiah (D:7)
  A troll (D:8)
  2 wyverns
  A steam dragon (D:7)
  A water moccasin (D:7)
  3 ice beasts
  2 black bears
  2 sky beasts
  3 ogres
  A wolf (D:8)
  A centaur (D:8)
  3 lemures (D:7)
  2 phantoms
  A bullfrog (D:8)
  2 gnoll sergeants
  4 killer bees (D:8)
  2 jellies
  3 howler monkeys
  3 orc priests
  4 bombardier beetles
  9 hounds
  A gnoll bouda (D:5)
  Terence (D:2)
  2 iguanas
  2 orc wizards
  5 adders
  17 gnolls
  5 dart slugs
  28 orcs
  4 ball pythons
  5 endoplasms
  2 giant cockroaches
  2 goblins
  8 hobgoblins
  3 jackals
  4 quokkas
  7 bats
  A frilled lizard (D:1)
  4 kobolds
  7 rats
160 creatures vanquished.

Vanquished Creatures (others)
  96 foxfires
96 creatures vanquished.

Grand Total: 256 creatures vanquished

Notes
Turn   | Place    | Note
-------+----------+-------------------------------------------
     0 | D:1      | magipi the Deep Elf Fire Elementalist began the quest for
                  | the Orb.
     0 | D:1      | Reached XP level 1. HP: 10/10 MP: 6/6
   361 | D:1      | Reached XP level 2. HP: 15/15 MP: 5/8
   369 | D:1      | Learned a level 2 spell: Scorch
  1348 | D:2      | Noticed Terence
  1424 | D:2      | Reached XP level 3. HP: 19/19 MP: 6/9
  1511 | D:2      | Found Beser's Weapon Emporium.
  1682 | D:2      | Killed Terence
  2168 | D:3      | Reached XP level 4. HP: 24/24 MP: 5/11
  2577 | D:3      | Reached XP level 5. HP: 28/28 MP: 10/13
  3031 | D:4      | Identified a scroll of acquirement
  3031 | D:4      | Acquired a +0 pair of gloves of strength
  3117 | D:4      | Noticed an ogre
  3121 | D:4      | Killed an ogre
  3122 | D:4      | Reached skill level 5 in Fire Magic
  3198 | D:4      | Reached XP level 6. HP: 32/32 MP: 9/14
  3440 | D:4      | Reached skill level 5 in Spellcasting
  3440 | D:4      | Reached skill level 5 in Conjurations
  3658 | D:4      | Reached XP level 7. HP: 36/36 MP: 11/16
  3833 | D:5      | Entered Level 5 of the Dungeon
  3833 | D:5      | Found a stormy altar of Qazlal.
  3850 | D:5      | Found a staircase to the Ecumenical Temple.
  3857 | Temple   | Entered the Ecumenical Temple
  4009 | D:5      | Found a snail-covered altar of Cheibriados.
  4234 | D:5      | Learned a level 4 spell: Flame Wave
  4797 | D:5      | Found a shimmering blue altar of Sif Muna.
  4812 | D:5      | Became a worshipper of Sif Muna the Loreminder
  5047 | D:5      | Found a broken altar of Ashenzari.
  5124 | D:6      | Reached XP level 8. HP: 41/41 MP: 11/19
  5275 | D:6      | Found a hazy altar of Hepliaklqana.
  5445 | D:6      | Found a hide-covered altar of Uskayaw.
  6517 | D:7      | Found a burning altar of Makhleb.
  6651 | D:7      | Noticed Jeremiah
  6661 | D:7      | Killed Jeremiah
  6662 | D:7      | Reached XP level 9. HP: 31/45 MP: 5/22
  6663 | D:7      | Noticed Pikel
  6755 | D:7      | Killed Pikel
  6914 | D:7      | Found a shadowy altar of Dithmenos.
  7367 | D:7      | Found a shadowy altar of Dithmenos.
  7620 | D:8      | Noticed a troll
  7775 | D:8      | Reached skill level 10 in Fire Magic
  7778 | D:8      | Reached * piety under Sif Muna
  8195 | D:8      | Reached skill level 10 in Conjurations
  8199 | D:8      | Killed a troll
  8200 | D:8      | Reached XP level 10. HP: 6/50 MP: 12/25
  8362 | D:8      | Engulfed by a steam dragon's steam

Illustrated notes

Levels and vault maps discovered:
D:1:      arrival_zaba_pyramid, layout_basic, minmay_pentomino_w4
D:2:      layout_rooms, serial_shops, nicolae_shop_behind_doors, uniq_terence
D:3:      layout_loops_cross
D:4:      layout_cave_pools, minmay_three_crescents
D:5:      layout_loops_ring, hellmonk_sif_muna_bookshelves,
          mainiacjoe_overflow_alcove_4, slow_altar_2, lemuel_crystal_altar,
          minmay_temple_entry_statues, kennysheep_generic_room_12
D:6:      layout_loops_ring, kennysheep_little_box, kennysheep_mini_moat,
          grunt_ministairs_2
D:7:      layout_basic, nicolae_dithmenos_the_darkroom,
          mainiacjoe_overflow_concentric_impassable,
          nicolae_twisty_statue_hallways, uniq_pikel, uniq_jeremiah
D:8:      layout_cave_pools, nicolae_tso_besieged_by_evil,
          lemuel_zombie_altar_kikubaaqudgha, erik_lair_island
Temple:   hellmonk_temple_of_storms

Skill      XL: |  1  2  3  4  5  6  7  8  9 |
---------------+----------------------------+-----
Conjurations   | 2 3 4 5 6 8 10 | 10.1
Fire Magic     | 4 5 6 7 9 10 | 10.7
Spellcasting   | 4 5 6 7 9 |  9.0
Dodging        | |  2.4
Stealth        | |  2.4

Action                     |  1- 3 |  4- 6 |  7- 9 | 10-12 || total
---------------------------+-------+-------+-------+-------++-------
  Melee: Dagger            |    20 |     4 |     2 |       ||    26
   Cast: Foxfire           |    34 |    12 |    11 |       ||    57
         Scorch            |    14 |    41 |   109 |     3 ||   167
         Flame Wave        |       |       |    16 |       ||    16
  Evoke: Wand              |       |       |     1 |       ||     1
    Use: Scroll            |       |     9 |     1 |       ||    10
   Stab: Sleeping          |     6 |     1 |       |       ||     7
 Armour: Robe              |     6 |       |       |       ||     6
         Leather armour    |    13 |    13 |    70 |     7 ||   103
  Dodge: Dodged            |    23 |    11 |    52 |     2 ||    88
  Block: Other             |       |     1 |    26 |       ||    27
